 Dungeon Crawl Stone Soup version 0.21-a0-264-g3e31e41 (webtiles) character file.

19 zane53102 the Ducker (level 2, 0/16 (25) HPs)
             Began as a Ghoul Gladiator on Sept 8, 2017.
             Slain by an adder (3 damage)
             ... on level 2 of the Dungeon.
             The game lasted 00:05:24 (1103 turns).

zane53102 the Ducker (Ghoul Gladiator)              Turns: 1103, Time: 00:05:24

HP:   0/16 (25)     AC:  4    Str: 17    XL:     2   Next: 75%
MP:   1/1           EV: 12    Int:  3    God:
Gold: 66            SH:  0    Dex: 10    Spells: 1/1 levels left

rFire    . . .     SeeInvis .   a - +0 quarterstaff
rCold    + . .     Gourm    .   (shield currently unavailable)
rNeg     + + +     Faith    .   b - +0 leather armour
rPois    ∞         Spirit   .   c - +0 helmet
rElec    .         Reflect  .   (no cloak)
rCorr    .         Harm     .   (no gloves)
MR       .....                  (no boots)
Stlth    +.........             (no amulet)
HPRegen  0.00/turn              (no ring)
MPRegen  0.07/turn              (no ring)

@: rotting, hasted, very quick
A: rotting body, claws 1, carnivore 3, cold resistance 1, negative energy
resistance 3, inhibited regeneration, torment resistance, unbreathing
a: no special abilities


You were on level 2 of the Dungeon.
You were not hungry.

You visited 1 branch of the dungeon, and saw 2 of its levels.

You collected 66 gold pieces.

Inventory:

Hand Weapons
 a - a +0 quarterstaff (weapon)
 e - a +0 dagger
 g - a +0 dagger
 j - a +0 club
Missiles
 d - 3 throwing nets (quivered)
 k - 9 poisoned needles
 l - 37 arrows
Armour
 b - a +0 leather armour (worn)
 c - a +0 helmet (worn)
Scrolls
 h - 2 scrolls of identify {unknown}


   Skills:
 + Level 2.3 Fighting
 + Level 3.0 Staves
 + Level 1.9 Throwing
 + Level 0.1 Armour
 + Level 3.1 Dodging


You had one spell level left.
You didn't know any spells.

Dungeon Overview and Level Annotations

Branches:
Dungeon (2/15)

Altars:


Innate Abilities, Weirdness & Mutations

Your body is rotting away.
You thrive on raw meat.
You are immune to poison.
You have sharp fingernails.
You are carnivorous and can eat meat at any time.
Your flesh is cold resistant. (rC+)
You are immune to negative energy. (rN+++)
You do not regenerate when monsters are visible.
You are immune to unholy pain and torment.
You can survive without breathing.


Message History

The adder is almost dead.
The adder closely misses you. The adder completely misses you.
You closely miss the adder.
The adder is almost dead.
The adder bites you.
You barely miss the adder.
The adder is almost dead.
The adder bites you.
* * * LOW HITPOINT WARNING * * *
The adder barely misses you.
You closely miss the adder.
The adder is almost dead.
The adder closely misses you.
You barely miss the adder.
The adder is almost dead.
The adder misses you.
You feel yourself speed up. The adder bites you.
* * * LOW HITPOINT WARNING * * *
The adder bites you.
You die...

#.....# #.#
######<....# #.#
#..........# #.#
#.####.....# #.# #.#
#...... # #.###.##
######.
#.####.##...####...'.
#.............##...##
#...@S......###≈..##
#...?........#...'...#
##.#........#.#..#####
...........#.#......#
########.###.######.#
#.# #.# #.# #.# #.#
#.# #.


You could see an adder.

Vanquished Creatures
  A bat (D:1)
  A giant cockroach (D:1)
  2 goblins (D:1)
  5 hobgoblins
  2 kobolds (D:1)
  A frilled lizard (D:1)
  5 rats (D:1)
  7 bushes (D:1)
  3 plants (D:1)
27 creatures vanquished.

Notes
Turn   | Place    | Note
-------+----------+-------------------------------------------
     0 | D:1      | zane53102 the Ghoul Gladiator began the quest for the Orb.
     0 | D:1      | Reached XP level 1. HP: 17/17 MP: 0/0
    44 | D:1      | Reached XP level 2. HP: 9/24 MP: 1/1
  1103 | D:2      | Slain by an adder

Vault maps used:
D:1:      dpeg_arrival_tiny_a, serial_forest, infiniplex_forest_clump_long,
          infiniplex_forest_lined_2, infiniplex_forest_end_2,
          infiniplex_forest_end_2, infiniplex_forest_clump_tiny,
          infiniplex_forest_clump_cross, infiniplex_forest_straight_3,
          infiniplex_forest_end_2, infiniplex_forest_zigzag_1
D:2:      st_stairs_4, kennysheep_nondescript, nicolae_ru_the_path_less_chosen

Skill      XL: |  1  2 |
---------------+-------+-----
Dodging        | 3 |  3.1
Staves         | 3 |  3.0
Fighting       | |  2.3
Throwing       | |  1.9
Armour         | |  0.1

Action                   || total
-------------------------++-------
Melee: Quarterstaff      ||   598
  Use: Scroll            ||     1
       Potion            ||     1
  Eat: Meat ration       ||     1
Armor: Leather armour    ||    26
Dodge: Dodged            ||    43

Table legend:
 A = Spawn XP
 B = Non-spawn XP
 C = Spawn XP percentage of total XP
 D = Spawn monster count
 E = Non-spawn monster count
 F = Spawn count percentage of total count
 G = Total turns spent on level
                    A         B        C        D         E        F      G
               +---------+---------+-------+---------+---------+-------+---------
         Total |       0 |      28 |   0.0 |       0 |      17 |   0.0 |  1103
               +---------+---------+-------+---------+---------+-------+---------
           D:1 |       0 |      26 |   0.0 |       0 |      16 |   0.0 |  1061
           D:2 |       0 |       2 |   0.0 |       0 |       1 |   0.0 |    42
               +---------+---------+-------+---------+---------+-------+---------
